 Dungeon Crawl Stone Soup version 0.30-a0-571-gdf30a72648 (webtiles) character file.

Game seed: 17303444045653352270

39480 greenreed the Bludgeoner (level 13, -11/125 HPs)
             Began as a Minotaur Fighter on Dec 29, 2022.
             Was an Elder of Makhleb.
             Mangled by a manticore (26 damage)
             ... summoned by Kirke
             ... on level 13 of the Dungeon.
             The game lasted 00:35:19 (15284 turns).

greenreed the Bludgeoner (Minotaur Fighter)        Turns: 15284, Time: 00:35:20

Health: -11/125    AC:  0    Str: 26    XL:     13   Next: 69%
Magic:  19/19      EV: 16    Int:  5    God:    Makhleb [****..]
Gold:   725        SH:  0    Dex: 10    Spells: 12/12 levels left

rFire   . . .      SeeInvis .    (weapon currently unavailable)
rCold   . . .      Faith    +    (shield currently unavailable)
rNeg    . . .      Spirit   .    (body armour currently unavailable)
rPois   .          Reflect  .    (helmet currently unavailable)
rElec   .          Harm     .    (cloak currently unavailable)
rCorr   .          Rampage  .    (gloves currently unavailable)
Will    .....                    (boots currently unavailable)
Stlth   ++                       Z - amulet of faith
HPRegen 0.40/turn                (ring currently unavailable)
MPRegen 0.16/turn                (ring currently unavailable)

@: pig-form, slowed
A: fast, no casting, small, (horns 2), (retaliatory headbutt)
a: Renounce Religion, Minor Destruction, Lesser Servant of Makhleb, Major
Destruction


You were on level 13 of the Dungeon.
You worshipped Makhleb.
Makhleb was greatly pleased with you.
You were a filthy swine.
You visited 2 branches of the dungeon, and saw 14 of its levels.
You also visited: Ossuary.

You collected 797 gold pieces.
You spent 72 gold pieces at shops.

Inventory:

Hand Weapons
 e - a +2 flail of protection (melded)
 L - a +3 flail of freezing
 M - a +0 flail of holy wrath
Missiles
 Q - 7 curare-tipped darts (quivered)
 V - 3 throwing nets
Armour
 b - a +0 cloak (melded)
 c - a +0 buckler of poison resistance (melded)
 p - a +0 pair of gloves (melded)
 E - a +1 pair of boots (melded)
 I - a +0 scale mail of poison resistance (melded)
 U - an orb of light
Jewellery
 w - a +5 ring of evasion
 F - the ring "Lururetiu" (melded) {Wiz rElec rF+ rN+}
   (You acquired it on level 6 of the Dungeon)

   [ring of wizardry]

   It improves your spell success rate.
   rF:        It protects you from fire.
   rElec:     It insulates you from electricity.
   rN:        It protects you from negative energy.
 K - a +4 ring of slaying (melded)
 N - a ring of flight
 O - a ring of protection from fire
 T - a ring of ice
 Y - a ring of willpower
 Z - an amulet of faith (around neck)
Wands
 d - a wand of light (5)
 v - a wand of flame (31)
 D - a wand of polymorph (5)
 G - a wand of paralysis (22)
 W - a wand of digging (6)
 X - a wand of roots (8)
Scrolls
 g - 4 scrolls of vulnerability
 i - 3 scrolls of fear
 k - 6 scrolls of silence
 l - 4 scrolls of teleportation
 m - 5 scrolls of immolation
 n - a scroll of amnesia
 r - 2 scrolls of poison
 t - 3 scrolls of fog
 u - 5 scrolls of blinking
 y - 4 scrolls of magic mapping
 J - a scroll of enchant armour
 S - 2 scrolls of enchant weapon
Potions
 a - a potion of might
 f - 7 potions of flight
 h - 5 potions of curing
 j - a potion of degeneration {unknown}
 o - a potion of mutation {unknown}
 q - 2 potions of berserk rage {unknown}
 s - a potion of haste {unknown}
 x - 4 potions of brilliance
 z - 2 potions of resistance
 A - 3 potions of attraction {unknown}
 B - 4 potions of heal wounds
 C - a potion of invisibility {unknown}
 H - a potion of lignification {unknown}
 R - a potion of ambrosia {unknown}
Miscellaneous
 P - a phantom mirror


   Skills:
 * Level 14.3 Fighting
 * Level 15.7 Maces & Flails
 + Level 10.6 Armour
 + Level 6.9 Dodging
 + Level 1.5 Stealth
 + Level 10.8 Shields
 * Level 10.3 Invocations


You had 12 spell levels left.
You didn't know any spells.
Your spell library contained the following spells:

 Spells                   Type           Power      Damage    Failure   Level
 Freeze                   Ice            0%         1d3       47%         1
 Shock                    Conj/Air       0%         1d3       47%         1
 Call Canine Familiar     Summ           0%         N/A       85%         3
 Frozen Ramparts          Ice            0%         1d1       85%         3
 Hailstorm                Conj/Ice       0%         3d3       85%         3
 Ozocubu's Armour         Ice            0%         N/A       85%         3
 Portal Projectile        Hex/Tloc       0%         N/A       85%         3
 Swiftness                Air            0%         N/A       85%         3
 Tukima's Dance           Hex            0%         N/A       85%         3
 Airstrike                Air            0%         2d(0-16)  99%         4
 Leda's Liquefaction      Hex/Erth       0%         N/A       99%         4
 Passage of Golubria      Tloc           0%         N/A       99%         4
 Blade Hands              Tmut           0%         N/A       100%        5
 Irradiate                Conj/Tmut      0%         3d11      100%        5
 Silence                  Hex/Air        0%         N/A       100%        5
 Dragon Form              Tmut           0%         N/A       100%        7
 Ozocubu's Refrigeration  Ice            0%         4d7       100%        7
 Lehudib's Crystal Spear  Conj/Erth      0%         10d2      100%        8


Dungeon Overview and Level Annotations

Branches:
Dungeon (13/15) Temple (1/1) D:5 Lair (0/5) D:8 Orc (0/2) D:9 Vaults (0/5) D:12 D:13 Ossuary (visited)

Altars:
Ashenzari
Cheibriados
Dithmenos
Elyvilon
Fedhas
Gozag
Hepliaklqana
Kikubaaqudgha
Makhleb
Nemelex Xobeh
Okawaru
Qazlal
Ru
Sif Muna
Trog
Uskayaw
Vehumet
Wu Jian
Xom
Yredelemnul
Zin
The Shining One

Shops:
D:4 ?   D:5 [   D:6 [   D:9 *

Annotations:
D:13 Kirke, Urug


Innate Abilities, Weirdness & Mutations

You are a filthy swine.
You move quickly.
Your equipment is almost entirely melded.
You are incapable of wielding weapons or throwing items.
You cannot cast spells.
((You have a pair of horns on your head.))
((You reflexively headbutt those who attack you in melee.))


Message History

The hog bites you but does no damage. The hog bites you!
The hog bites you but does no damage. The hog misses you.
Kirke mumbles some strange words.
Kirke summons a manticore!
You barely miss Kirke. You headbutt Kirke!
Kirke is moderately wounded.
The hog bites you but does no damage. x2
Kirke casts a spell at you.
You struggle to resist.
You block the manticore's attack. The manticore closely misses you.
The manticore claws you but does no damage.
You bludgeon Kirke!! Your headbutt misses Kirke.
Kirke is heavily wounded.
The hog bites you but does no damage. x2
Kirke says, "Odis was a nice man, you're awful."
Kirke casts a spell at you.
You turn into a filthy swine.
Your +2 flail of protection melds into your body.
Your +0 cloak melds into your body.
Your +0 pair of gloves melds into your body.
Your +1 pair of boots melds into your body.
Your +0 buckler of poison resistance melds into your body.
Your +0 scale mail of poison resistance melds into your body.
The ring "Lururetiu" {Wiz rElec rF+ rN+} melds into your body.
Your +4 ring of slaying melds into your body.
Your +2 flail of protection goes still.
You no longer feel resistant to poison. x2
The manticore bites you!! The manticore claws you!
The manticore completely misses you. The hog attacks as you move away!
The hog barely misses you. The manticore bites you!! The manticore claws you!
The manticore claws you.
The centaur warrior attacks as you move away!
The centaur warrior unwields a +0 shortbow.
The centaur warrior hits you!
* * * LOW HITPOINT WARNING * * *
The centaur warrior misses you.
The centaur warrior wields a +0 shortbow.
The centaur warrior shoots an arrow.
The arrow hits you!!
* * * LOW HITPOINT WARNING * * *
The manticore attacks as you move away! The manticore bites you!!
You die...

#.....#####.#
#.....# #.#
#.....# #.#
##....# #.#
#....# #.# #....#
#.# #....# .#
#####....#####.##
.......hH.h......
#####....@h......
#....c....R..
#.#######'#○. #.
# . #. ++ . .. .
.


You could see Kirke, a centaur warrior, a manticore (summoned), an efreet and 2
hogs.

Vanquished Creatures
  A minotaur (D:11)
  Erolcha (D:12)
  A hydra (D:12)
  A boulder beetle (D:13)
  A centaur warrior (D:13)
  3 death yaks
  Erica (D:8)
  5 two-headed ogres
  4 tengu warriors (D:13)
  An ugly thing (D:12)
  A deep elf pyromancer (D:12)
  An orange crystal statue (D:12)
  3 manticores
  A cyclops (D:11)
  Maurice (D:11)
  A gargoyle (D:12)
  An unseen horror (D:10)
  2 komodo dragons (D:11)
  A tengu conjurer (D:13)
  9 yaktaurs (D:11)
  An efreet (D:12)
  A troll (D:12)
  A hornet (D:9)
  A shadow (D:9)
  A vampire (D:11)
  2 wyverns (D:7)
  2 wraiths
  15 humans
  19 yaks
  2 basilisks
  A steam dragon (D:7)
  5 wargs
  Edmund (D:4)
  3 acid dragons
  2 water moccasins
  5 orc warriors
  2 ice beasts
  A sky beast (D:8)
  A black bear (D:7)
  3 centaurs
  8 ogres
  10 kobold brigands
  Blork the orc (D:6)
  4 necrophages
  3 scorpions
  4 elf zombies (Ossuary)
  2 bullfrogs
  2 gnoll sergeants
  17 wights
  20 killer bees
  11 howler monkeys
  11 hounds
  2 centaur zombies (Ossuary)
  2 human zombies (Ossuary)
  15 orc priests
  3 gnoll boudas
  2 iguanas (D:7)
  13 orc wizards
  Natasha (thrice) (D:2)
  3 mummies
  6 adders
  27 gnolls
  A shadow imp (D:7)
  An adder zombie (Ossuary)
  2 worms
  6 dart slugs
  41 orcs
  6 endoplasms
  8 giant cockroaches
  4 goblins
  9 hobgoblins
  3 jackals (D:4)
  23 kobolds
  3 quokkas
  6 ball pythons
  5 bats
  A frilled lizard (D:2)
  6 hobgoblin zombies (Ossuary)
  A jackal zombie (Ossuary)
  7 kobold zombies (Ossuary)
  12 orc zombies (Ossuary)
  4 rats
  A rat zombie (Ossuary)
  A spectral orc (D:4)
  A bush (D:3)
430 creatures vanquished.

Vanquished Creatures (collateral kills)
  Rupert (D:13)
  Gastronok (D:11)
  A minotaur (D:11)
  A two-headed ogre (D:8)
  2 death yaks (D:11)
  Sonja (D:11)
  A yak (D:11)
  An orc priest (D:8)
  2 gnolls (D:11)
11 creatures vanquished.

Vanquished Creatures (others)
  A human (D:13)
  A hog (D:13)
  2 gnolls
  A fungus (D:8)
  3 plants (D:8)
8 creatures vanquished.

Grand Total: 449 creatures vanquished

Notes
Turn   | Place    | Note
-------+----------+-------------------------------------------
     0 | D:1      | greenreed the Minotaur Fighter began the quest for the Orb.
     0 | D:1      | Reached XP level 1. HP: 19/19 MP: 0/0
   101 | D:1      | Reached XP level 2. HP: 27/27 MP: 1/1
   612 | D:2      | Reached XP level 3. HP: 32/33 MP: 2/2
   719 | D:2      | Reached skill level 3 in Maces & Flails
   972 | D:2      | Noticed Natasha
   977 | D:2      | Killed Natasha
   978 | D:2      | Reached XP level 4. HP: 38/41 MP: 3/3
  1232 | D:2      | Noticed Natasha
  1242 | D:2      | Killed Natasha
  1243 | D:2      | Reached skill level 5 in Armour
  1457 | D:2      | Noticed Natasha
  1463 | D:2      | Killed Natasha
  1464 | D:2      | Reached XP level 5. HP: 27/47 MP: 4/4
  1654 | D:3      | Reached skill level 4 in Maces & Flails
  2011 | D:3      | Reached XP level 6. HP: 43/55 MP: 5/5
  2669 | D:4      | Reached skill level 5 in Fighting
  2670 | D:4      | Reached skill level 5 in Maces & Flails
  2762 | D:4      | Found a sand-covered staircase.
  2768 | D:4      | Reached skill level 1 in Dodging
  2771 | Ossuary  | Entered an ossuary
  2903 | Ossuary  | Reached skill level 6 in Maces & Flails
  2912 | Ossuary  | Reached XP level 7. HP: 48/61 MP: 6/6
  3080 | Ossuary  | Reached skill level 7 in Maces & Flails
  3268 | D:4      | Found an opulent altar of Gozag.
  3353 | D:4      | Found Ichycoo's Magic Scroll Boutique.
  3375 | D:4      | Bought 2 scrolls of identify for 48 gold pieces
  3375 | D:4      | Bought a scroll of identify for 24 gold pieces
  3534 | D:4      | Noticed Edmund
  3555 | D:4      | Killed Edmund
  3556 | D:4      | Reached skill level 8 in Maces & Flails
  3556 | D:4      | Reached XP level 8. HP: 40/70 MP: 7/7
  3759 | D:4      | Identified the +1 ring mail "Wenuv" {Fly Str-3 Int+4}
  3866 | D:4      | Found a basalt altar of Yredelemnul.
  3906 | D:5      | Entered Level 5 of the Dungeon
  3916 | D:5      | Found a staircase to the Ecumenical Temple.
  3926 | Temple   | Entered the Ecumenical Temple
  4065 | Temple   | Became a worshipper of Makhleb the Destroyer
  4190 | D:5      | Reached skill level 1 in Invocations
  4290 | D:5      | Found Zagac's Antique Armour Emporium.
  4535 | D:5      | Found a blossoming altar of Fedhas.
  4753 | D:5      | Reached skill level 11 in Maces & Flails
  4753 | D:5      | Reached skill level 5 in Invocations
  4753 | D:5      | Reached XP level 9. HP: 84/84 MP: 7/12
  4868 | D:6      | Found Keganygocy's Armour Shoppe.
  5026 | D:6      | Noticed Blork the orc
  5042 | D:6      | Killed Blork the orc
  5408 | D:6      | Reached * piety under Makhleb
  5416 | D:6      | Identified a scroll of acquirement
  5418 | D:6      | Acquired the ring "Lururetiu" {Wiz rElec rF+ rN+}
  5813 | D:6      | Found a radiant altar of Vehumet.
  6189 | D:7      | Reached XP level 10. HP: 93/93 MP: 13/13
  6193 | D:7      | Reached skill level 12 in Maces & Flails
  6201 | D:7      | Found a shadowy altar of Dithmenos.
  6293 | D:7      | Noticed a manticore
  6309 | D:7      | Killed a manticore
  6309 | D:7      | Reached ** piety under Makhleb
  6315 | D:7      | Reached skill level 10 in Fighting
  6509 | D:7      | Found a glowing silver altar of Zin.
  6897 | D:7      | Found a bloodstained altar of Trog.
  7052 | D:7      | Found a stormy altar of Qazlal.
  7230 | D:8      | Noticed a death yak
  7230 | D:8      | Found a staircase to the Lair.
  7271 | D:7      | Killed a death yak
  7759 | D:8      | Noticed Erica
  7768 | D:8      | Killed Erica
  7769 | D:8      | Reached skill level 13 in Maces & Flails
  7769 | D:8      | Reached skill level 5 in Dodging
  7781 | D:8      | Reached *** piety under Makhleb
  7782 | D:8      | Reached XP level 11. HP: 68/97 MP: 14/14
  8356 | D:8      | Reached **** piety under Makhleb
  8540 | D:8      | Noticed a two-headed ogre
  8557 | D:8      | Killed a two-headed ogre
  8756 | D:8      | Noticed a two-headed ogre
  8766 | D:8      | Killed a two-headed ogre
  8825 | D:8      | Found a sparkling altar of Nemelex Xobeh.
  9064 | D:9      | Noticed a two-headed ogre
  9075 | D:9      | Killed a two-headed ogre
  9076 | D:9      | Reached skill level 14 in Maces & Flails
  9196 | D:9      | Found Jujeen's General Store.
  9395 | D:9      | Noticed a two-headed ogre
  9405 | D:9      | Killed a two-headed ogre
  9538 | D:9      | Found a sacrificial altar of Ru.
  9630 | D:9      | Found a staircase to the Orcish Mines.
  9703 | D:10     | Entered Level 10 of the Dungeon
 10020 | D:10     | Found an ancient bone altar of Kikubaaqudgha.
 10143 | D:10     | Found an iron altar of Okawaru.
 10483 | D:10     | Reached XP level 12. HP: 106/112 MP: 16/16
 11261 | D:11     | Reached ***** piety under Makhleb
 11476 | D:11     | Noticed Sonja
 11494 | D:11     | Killed Sonja
 11918 | D:11     | Noticed a two-headed ogre
 12187 | D:11     | Killed a two-headed ogre
 12193 | D:11     | Reached skill level 1 in Stealth
 12308 | D:11     | Noticed Maurice
 12319 | D:11     | Killed Maurice
 12340 | D:11     | Noticed a two-headed ogre
 12351 | D:11     | Killed a two-headed ogre
 12467 | D:11     | Noticed Gastronok
 12467 | D:11     | Noticed a death yak
 12467 | D:11     | Noticed a death yak
 12487 | D:11     | Killed Gastronok
 12488 | D:11     | Reached skill level 10 in Armour
 12488 | D:11     | Reached skill level 10 in Shields
 12516 | D:11     | Killed a death yak
 12544 | D:11     | Killed a death yak
 12545 | D:11     | Reached skill level 15 in Maces & Flails
 12767 | D:11     | Noticed a death yak
 12767 | D:11     | Noticed a minotaur
 12768 | D:11     | Noticed a death yak
 12784 | D:11     | Killed a death yak
 12808 | D:11     | Killed a death yak
 12809 | D:11     | Killed a minotaur
 13081 | D:11     | Noticed a minotaur
 13095 | D:11     | Killed a minotaur
 13096 | D:11     | Reached XP level 13. HP: 116/122 MP: 18/18
 13290 | D:12     | Noticed Erolcha
 13295 | D:12     | Killed Erolcha
 13520 | D:12     | Found a runed translucent door.
 13542 | D:12     | Found a runed translucent door.
 13557 | D:12     | Found a runed translucent door.
 13572 | D:12     | Found a runed translucent door.
 14101 | D:13     | Noticed Urug
 14101 | D:13     | Noticed Rupert
 14101 | D:13     | Found a gate to the Vaults.
 14251 | D:13     | Killed Rupert
 14252 | D:13     | Reached skill level 10 in Invocations
 15271 | D:13     | Noticed Kirke
 15284 | D:13     | Mangled by a manticore

Illustrated notes

Levels and vault maps discovered:
D:1:      nzn_arrival_water_spiral, layout_loops_ring
D:2:      layout_basic, corexii_corridor_pit, minmay_between, uniq_natasha
D:3:      layout_loops_corners, serial_forest, infiniplex_forest_straight_2,
          infiniplex_forest_lined_4_way, infiniplex_forest_clump_curved,
          infiniplex_forest_lined_corner, infiniplex_forest_lined_1,
          infiniplex_forest_end_3, infiniplex_forest_lined_3,
          minmay_crystal_room
D:4:      layout_gridville, yredelemnul_forgotten_temple_becter,
          nicolae_gozag_cash_rules_everything_around_me, serial_shops,
          nicolae_shop_crystal, gup_ossuary_entry_pyramid,
          kennysheep_decorative_pillar, uniq_edmund
D:5:      kennysheep_big_flooded_room, layout_loops_ring, lemuel_doored_altar,
          minmay_temple_entry_statues_fountains, serial_shops, shop_statue,
          minmay_misc_feat_x
D:6:      layout_loops_corners, kennysheep_mini, serial_shops,
          nicolae_inconvenience_store, uniq_blork_the_orc
D:7:      layout_loops_cross, mainiacjoe_overflow_24_doors,
          nicolae_dithmenos_shadow_blocks, marbit_many_paths,
          mainiacjoe_overflow_tiny_flanked
D:8:      lemuel_castle_with_subvaults [lemuel_castle_interior_carwin_1],
          layout_basic, nemelex_xobeh_ov_fountains_minmay, david_lair_generic,
          uniq_erica
D:9:      layout_gridville, nicolae_ru_path_of_blood, orc_0_dummy, serial_shops,
          nicolae_shop_hallway_plus
D:10:     layout_long_grid, okawaru_gym_becter, kiku_gazebo_pond_becter,
          nooodl_orcs_dogs
D:11:     fort_yaktaur, layout_basic, uniq_gastronok, uniq_sonja, uniq_maurice
D:12:     layout_big_octagon, minmay_statue_crystal_thing, uniq_erolcha
D:13:     layout_irregular_city, david_vaults_3, uniq_jorgrun, uniq_kirke
Temple:   hellmonk_temple_beads

Skill      XL: |  1  2  3  4  5  6  7  8  9 10 11 12 13 |
---------------+----------------------------------------+-----
Shields        | 4 6 7 8 9 10 | 10.8
Fighting       | 4 5 6 9 10 11 13 14 | 14.3
Armour         | 4 5 7 8 9 10 | 10.6
Maces & Flails | 3 4 6 8 11 13 14 15 | 15.7
Dodging        | 1 4 5 6 |  6.9
Invocations    | 5 6 7 8 10 | 10.3
Stealth        | 1 |  1.5

Action                   |  1- 3 |  4- 6 |  7- 9 | 10-12 | 13-15 || total
-------------------------+-------+-------+-------+-------+-------++-------
Melee: Flail             |    65 |   204 |   239 |   739 |   188 ||  1435
       Headbutt          |    11 |    42 |    44 |   149 |    51 ||   297
Invok: Lesser Servant of |       |       |       |    13 |     2 ||    15
       Minor Destruction |       |       |       |     3 |       ||     3
       Major Destruction |       |       |       |     3 |    11 ||    14
  Use: Scroll            |       |       |    15 |     4 |       ||    19
       Potion            |       |       |     1 |     3 |     1 ||     5
 Stab: Distracted        |       |       |       |     1 |       ||     1
Armor: Scale mail        |    31 |    69 |    62 |   295 |   143 ||   600
Dodge: Dodged            |    28 |    49 |    77 |   283 |   132 ||   569
Block: Buckler           |     7 |    53 |   101 |   382 |    56 ||   599
       Reflection        |       |       |     2 |    18 |       ||    20

Table legend: (Time is in decaauts)
 A = Elapsed time spent in this place.
 B = Non-inter-level travel time spent in this place.
 C = Inter-level travel time spent in this place.
 D = Time resting spent in this place.
 E = Time spent auto-exploring this place.
 F = Levels seen in this place.
 G = Mean time per level.
                   A        B        C        D        E       F      G
               +--------+--------+--------+--------+--------+-----+--------+
         Total |  15171 |  14601 |    570 |   1570 |   9912 |  15 | 1011.4 |
       Dungeon |  14582 |  14088 |    494 |   1570 |   9614 |  13 | 1121.7 |
        Temple |    172 |     96 |     76 |      0 |     84 |   1 |  172.0 |
       Ossuary |    416 |    416 |      0 |      0 |    214 |   1 |  416.0 |
               +--------+--------+--------+--------+--------+-----+--------+

Top non-repeatable levels by time:
    D:11: 1862 daAuts
    D:10: 1665 daAuts
     D:7: 1505 daAuts
    D:12: 1427 daAuts
     D:8: 1365 daAuts
     D:6: 1323 daAuts
     D:3: 1006 daAuts
     D:4: 986 daAuts
     D:2: 946 daAuts
     D:5: 725 daAuts
     D:9: 621 daAuts
     D:1: 614 daAuts
    D:13: 531 daAuts
 Ossuary: 416 daAuts
  Temple: 172 daAuts
